 Dungeon Crawl Stone Soup version 0.23.2-1-ga50397a6bc (webtiles) character file.

Game seed: 13915211174607926743

5448 Gargoyl the Chopper (level 10, -18/84 HPs)
             Began as a Centaur Abyssal Knight on May 13, 2019.
             Was an Elder of Lugonu.
             Killed from afar by a gargoyle (19 damage)
             ... with a stone arrow
             ... on level 8 of the Dungeon.
             The game lasted 00:16:26 (10985 turns).

Gargoyl the Chopper (Centaur Abyssal Knight)       Turns: 10985, Time: 00:16:26

Health: -18/84     AC: 11    Str: 20    XL:     10   Next: 41%
Magic:  15/15      EV: 12    Int: 11    God:    Lugonu [****..]
Gold:   519        SH:  0    Dex: 11    Spells: 9/9 levels left

rFire    . . .     SeeInvis .   a - +2 hand axe
rCold    . . .     Gourm    .   (no shield)
rNeg     . . .     Faith    .   m - +0 steam dragon scales
rPois    .         Spirit   .   p - +0 helmet
rElec    .         Reflect  .   (no cloak)
rCorr    .         Harm     .   t - +1 pair of gloves
MR       .....                  (no barding)
Stlth    +.........             (no amulet)
HPRegen  0.24/turn              g - +2 ring of protection
MPRegen  0.14/turn              q - +4 ring of strength

@: very quick
A: large, hooves 3, deformed body, speed 2, tough skin 3
a: Depart the Abyss, Bend Space, Banish, Corrupt, Renounce Religion


You were on level 8 of the Dungeon.
You worshipped Lugonu.
Lugonu was greatly pleased with you.
You were very hungry.

You visited 1 branch of the dungeon, and saw 8 of its levels.
You visited the Abyss 1 time.

You collected 519 gold pieces.

Inventory:

Hand Weapons
 a - a +2 hand axe (weapon)
Armour
 m - +0 steam dragon scales (worn)
 p - a +0 helmet (worn)
 t - a +1 pair of gloves (worn)
Jewellery
 g - a +2 ring of protection (left hand)
 l - an uncursed ring of flight
 q - a +4 ring of strength (right hand)
Wands
 b - a wand of flame (19)
 n - a wand of polymorph (4)
Scrolls
 d - 5 scrolls of remove curse
 h - 8 scrolls of identify
 o - 4 scrolls of teleportation
 w - a scroll of amnesia
 D - a scroll of fear
Potions
 e - 3 potions of might
 f - a potion of ambrosia
 i - 3 potions of lignification
 j - 3 potions of heal wounds
 k - a potion of haste
 r - a potion of resistance
 s - 2 potions of curing
 u - a potion of agility
 v - a potion of magic {unknown}
 x - a potion of invisibility
 B - a potion of brilliance {unknown}
Comestibles
 c - 11 rations


   Skills:
 + Level 6.8 Fighting
 + Level 7.9 Axes
 * Level 4.6 Armour
 * Level 6.1 Dodging
 * Level 6.8 Invocations
 + Level 0.3 Evocations


You had 9 spell levels left.
You didn't know any spells.
Your spell library contained the following spells:

 Spells                   Type           Power        Failure   Level  Hunger
 Animate Skeleton         Necr           N/A          34%         1    ##.....
 Apportation              Tloc           #.....       34%         1    ##.....
 Confusing Touch          Hex            #.....       34%         1    ##.....
 Summon Small Mammal      Summ           #...         34%         1    ##.....


Dungeon Overview and Level Annotations

Branches:
Dungeon (8/15)             Temple (0/1) D:6
   Lair: D:8-11

Altars:
Dithmenos
Hepliaklqana
Sif Muna
Trog
Vehumet


Innate Abilities, Weirdness & Mutations

You have hooves in place of feet.
Armour fits poorly on your strangely shaped body.
You cover ground very quickly.
You have extremely tough skin. (AC +3)


Message History

The gargoyle misses you.
You barely miss the gargoyle. Your kick misses the gargoyle.
The gargoyle is moderately damaged.
The gargoyle hurls a stone arrow at you.
The stone arrow hits you!
You hit the gargoyle but do no damage. You kick the gargoyle.
The gargoyle is heavily damaged.
The gargoyle hits you with a +0 mace!
* * * LOW HITPOINT WARNING * * *
You hit the gargoyle.
The gargoyle is severely damaged.
The gargoyle hurls a stone arrow at you.
The stone arrow hits you!!
* * * LOW HITPOINT WARNING * * *
You hit the gargoyle but do no damage.
You kick the gargoyle, but do no damage.
The gargoyle is severely damaged.
The gargoyle hurls a stone arrow at you.
The stone arrow hits you!!
You die...

*,,,....#...........##......
##########.#..[######+###......
#..............# #.# #......
#.#........#..#######.###......
*,#.#.#....<.>..........#......
*,#.#....#..รท.........#.#.....(
*,#.#.##...#######....#.#......
*,#.#.##.###8###(###....#####'#
*,#.#.#..#,##+@9##.#.....####.#
*,#.#.#.###+.....)###..........
*,#.#.#.#,#.......#.#.##.##....
*,,,,,#.##+.......'##.##.##....
*##+###.##....8....##.##.##....
#....#.##+.......'##.##.##....
#....#.#8#.......#8#.##..#....
#...<#.###+.....+###.###.###'#
#....#..#8##...##8#..# #..##.#


You could see a gargoyle.

Vanquished Creatures
  Erica (D:7)
  Pikel (D:8)
  A gargoyle (D:8)
  A hippogriff (D:7)
  A yak (shapeshifter) (D:4)
  A human (D:7)
  4 hogs (D:7)
  Grum (D:8)
  3 ice beasts
  2 sky beasts
  3 slaves (D:8)
  2 ogres
  2 wolves
  3 centaurs
  5 bullfrogs
  4 scorpions
  3 howler monkeys
  A crimson imp (D:5)
  2 centaur zombies (D:7)
  4 hounds
  2 orc priests (D:5)
  4 jellies
  Natasha (D:3)
  2 worker ants
  2 orc wizards
  3 hound zombies
  A hound skeleton (D:2)
  Robin (D:3)
  A worker ant zombie (D:7)
  10 gnolls
  A howler monkey skeleton (D:7)
  7 adders
  A shadow imp (D:2)
  2 adder zombies
  A worm (D:3)
  2 dart slugs
  5 leopard geckos
  27 orcs
  7 bats
  5 giant cockroaches
  13 hobgoblins
  5 quokkas
  3 ball pythons
  6 frilled lizards
  14 goblins
  A jackal skeleton (D:5)
  4 kobolds
  A quokka zombie (D:4)
  9 rats
  A rat zombie (D:4)
187 creatures vanquished.

Vanquished Creatures (collateral kills)
  A shadow (Abyss:2)
  A hungry ghost (Abyss:2)
2 creatures vanquished.

Vanquished Creatures (others)
  A gargoyle (D:8)
1 creature vanquished.

Grand Total: 190 creatures vanquished

Notes
Turn   | Place    | Note
-------+----------+-------------------------------------------
     0 | Abyss:1  | Gargoyl the Centaur Abyssal Knight began the quest for the
                  | Orb.
     0 | Abyss:1  | Reached XP level 1. HP: 19/19 MP: 2/2
   127 | Abyss:2  | Noticed a hungry ghost
   136 | Abyss:2  | Noticed a shadow
   141 | Abyss:2  | Killed a shadow
   141 | Abyss:2  | Reached skill level 2 in Axes
   141 | Abyss:2  | Reached XP level 2. HP: 27/27 MP: 3/3
   141 | Abyss:2  | Reached XP level 3. HP: 33/33 MP: 4/4
   141 | Abyss:2  | Reached XP level 4. HP: 40/40 MP: 5/5
   149 | Abyss:2  | Noticed a brown very ugly thing
   158 | Abyss:2  | Noticed an orange demon
   159 | Abyss:2  | Killed a hungry ghost
   159 | Abyss:2  | Reached XP level 5. HP: 46/47 MP: 6/6
   187 | Abyss:2  | Noticed a thrashing horror
   190 | Abyss:2  | Noticed a tormentor
   192 | D:1      | Escaped the Abyss
   953 | D:2      | Reached * piety under Lugonu
  1314 | D:2      | Found a bloodstained altar of Trog.
  1494 | D:2      | Reached skill level 1 in Dodging
  1507 | D:2      | Reached skill level 3 in Axes
  2033 | D:3      | Reached ** piety under Lugonu
  2098 | D:3      | Reached XP level 6. HP: 55/55 MP: 8/8
  2504 | D:3      | Noticed Natasha
  2504 | D:3      | You fall through a shaft!
  2884 | D:3      | Noticed Robin
  2899 | D:3      | Killed Robin
  2899 | D:3      | Reached skill level 5 in Fighting
  3135 | D:3      | Killed Natasha
  3541 | D:4      | Noticed a jumping spider
  3541 | D:4      | an ogre changed into a jumping spider
  3552 | D:4      | Noticed a shapeshifter
  3552 | D:4      | a jumping spider changed into a shapeshifter
  3553 | D:4      | Noticed a yak
  3553 | D:4      | a shapeshifter changed into a yak
  3560 | D:4      | Killed a yak
  3560 | D:4      | Reached XP level 7. HP: 40/61 MP: 9/9
  3921 | D:4      | Found a radiant altar of Vehumet.
  3923 | D:4      | Found a shadowy altar of Dithmenos.
  3935 | D:4      | Found a hazy altar of Hepliaklqana.
  3942 | D:4      | Reached skill level 4 in Axes
  4428 | D:5      | Entered Level 5 of the Dungeon
  4437 | D:5      | Reached *** piety under Lugonu
  5061 | D:5      | Reached XP level 8. HP: 62/69 MP: 11/11
  5320 | D:5      | Reached skill level 5 in Axes
  5956 | D:6      | Found a staircase to the Ecumenical Temple.
  7224 | D:7      | Found a deep blue altar of Sif Muna.
  7276 | D:7      | Reached skill level 5 in Invocations
  7342 | D:7      | Reached skill level 6 in Axes
  7346 | D:7      | Reached XP level 9. HP: 44/75 MP: 12/12
  7673 | D:7      | Reached **** piety under Lugonu
  8768 | D:8      | Noticed Erica
  8779 | D:7      | Reached skill level 7 in Axes
  8779 | D:7      | Reached skill level 5 in Dodging
  9091 | D:7      | Paralysed by Erica for 3 turns
  9108 | D:7      | Killed Erica
  9428 | D:8      | Reached XP level 10. HP: 72/84 MP: 14/14
  9505 | D:8      | Noticed Grum
  9834 | D:8      | Killed Grum
 10444 | D:8      | Noticed Pikel
 10479 | D:8      | Killed Pikel
 10694 | D:8      | Noticed a gargoyle
 10699 | D:8      | Banished a gargoyle
 10931 | D:8      | Noticed a gargoyle
 10936 | D:8      | Killed a gargoyle
 10970 | D:8      | Noticed a gargoyle
 10984 | D:8      | HP: 1/84 [gargoyle/stone arrow (23)]
 10985 | D:8      | Killed from afar by a gargoyle

Skill      XL: |  1  2  3  4  5  6  7  8  9 10 |
---------------+-------------------------------+-----
Fighting       | 4 5 6 |  6.8
Axes           | 2 3 4 6 7 |  7.9
Armour         | 2 3 4 |  4.6
Dodging        | 1 2 4 5 6 |  6.1
Invocations    | 3 4 5 6 |  6.8
Evocations     | |  0.3

Action                   |  1- 3 |  4- 6 |  7- 9 | 10-12 || total
-------------------------+-------+-------+-------+-------++-------
Melee: Hand axe          |       |   242 |   414 |   104 ||   760
       Kick              |       |    46 |   121 |    34 ||   201
Invok: Depart the Abyss  |       |     1 |       |       ||     1
       Banish            |       |       |       |     1 ||     1
Evoke: Wand              |       |     3 |     1 |       ||     4
  Use: Scroll            |     3 |     5 |     9 |     4 ||    21
       Potion            |       |     2 |     1 |     1 ||     4
  Eat: Chunk             |       |     9 |    11 |     3 ||    23
       Ration            |       |       |     2 |       ||     2
Armor: Leather armour    |       |    33 |       |       ||    33
       Steam dragon scal |       |    82 |   178 |    42 ||   302
Dodge: Dodged            |       |   132 |   205 |    59 ||   396
